 Dungeon Crawl Stone Soup version 0.26.0-10-g1f06aea511 (webtiles) character file.

Game seed: 8943614646376636074

351 Borgoz the Slasher (level 6, -4/52 HPs)
             Began as a Ghoul Gladiator on Jan 30, 2021.
             Was an Initiate of Ashenzari.
             Killed from afar by an orc wizard (6 damage)
             ... with a magic dart
             ... on level 3 of the Dungeon.
             The game lasted 00:02:33 (2173 turns).

Borgoz the Slasher (Ghoul Gladiator)                Turns: 2173, Time: 00:02:33

Health: -4/52      AC:  7    Str: 18    XL:     6   Next: 61%
Magic:  5/5        EV: 13    Int:  3    God:    Ashenzari [......]
Gold:   120        SH:  5    Dex: 12    Spells: 5/5 levels left

rFire    . . .     SeeInvis .   a - +1 long sword
rCold    + . .     Faith    .   (no shield)
rNeg     + + +     Spirit   .   b - +0 leather armour
rPois    ∞         Reflect  +   c - +1 helmet
rElec    .         Harm     .   k - +0 cloak (curse)
rCorr    .         Rampage  .   (no gloves)
Will     .....                  q - +0 pair of boots
Stlth    +.........             j - amulet of reflection
HPRegen  0.00/turn              (no ring)
MPRegen  0.09/turn              (no ring)

@: slowed, very slow
A: claws 1, cold resistance 1, negative energy resistance 3, inhibited
regeneration, torment resistance, unbreathing
a: Renounce Religion, Curse Item


You were on level 3 of the Dungeon.
You worshipped Ashenzari.
Ashenzari was noncommittal.
You visited 1 branch of the dungeon, and saw 3 of its levels.

You collected 120 gold pieces.

Inventory:

Hand Weapons
 a - a +1 long sword (weapon)
Missiles
 d - 2 throwing nets (quivered)
Armour
 b - a +0 leather armour (worn)
 c - a +1 helmet (worn)
 k - a cursed +0 cloak (worn)
 q - a +0 pair of boots (worn)
Jewellery
 j - an amulet of reflection (around neck)
Scrolls
 g - 3 scrolls of remove curse
 m - 2 scrolls of enchant weapon
Potions
 e - 2 potions of brilliance


   Skills:
 + Level 3.7 Fighting
 * Level 4.6 Long Blades
 - Level 1.7 Throwing
 + Level 2.3 Armour
 + Level 3.8 Dodging


You had 5 spell levels left.
You didn't know any spells.
Your spell library was empty.

Dungeon Overview and Level Annotations

Branches:
Dungeon (3/15)

Altars:
Ashenzari
Dithmenos
Elyvilon


Innate Abilities, Weirdness & Mutations

You thrive by killing the living.
You are immune to poison.
You have sharp fingernails.
Your flesh is cold resistant. (rC+)
You are immune to negative energy. (rN+++)
You do not regenerate when monsters are visible.
You are immune to unholy pain and torment.
You can survive without breathing.


Message History

Aim: an orc wizard, wielding a +0 dagger and wearing a +0 robe (almost dead, fast)
You throw a throwing net.
The throwing net barely misses the orc wizard.
The orc wizard hits you with a +0 dagger.
* * * LOW HITPOINT WARNING * * *
The orc wizard casts a spell.
The orc wizard blinks!
Okay, then.
The orc wizard casts a spell at you. The magic dart hits you.
* * * LOW HITPOINT WARNING * * *
The orc wizard points at you and mumbles some strange words.
You resist with some effort.
Okay, then.
You aren't carrying any items that you can evoke.
Okay, then.
Okay, then.
The orc wizard points at you and mumbles some strange words.
The magic dart hits you.
You die...

########## *....,,,,,***
.........############....,,,*,,,,
........................,,,,*,***
.......................,,,,,,,*
............(........#**,******
...........(.........# *,*
..)..........).......# *,*
............(†...§..(# *,*
............))..@....# *,*
...................(.#**,********
........................^,,,,,,,,
......=......o.......###,********
..............=......# *,,,,,,,,,
.....................#***********
.....................#*,,,,,,,,,,
.....................#*,*********
...........,,,,,,,,,,**,* *,,,,,,


You could see an orc wizard (fast).

Vanquished Creatures
  Sigmund (D:2)
  An orc priest (D:3)
  Jessica (D:2)
  2 worker ants (D:3)
  3 adders
  A dart slug (D:2)
  A leopard gecko (D:1)
  3 orcs (D:3)
  5 bats
  3 giant cockroaches
  6 goblins
  2 hobgoblins (D:2)
  11 kobolds
  2 quokkas (D:2)
  4 ball pythons
  4 frilled lizards
  14 rats
64 creatures vanquished.

Notes
Turn   | Place    | Note
-------+----------+-------------------------------------------
     0 | D:1      | Borgoz the Ghoul Gladiator began the quest for the Orb.
     0 | D:1      | Reached XP level 1. HP: 17/17 MP: 0/0
   193 | D:1      | Reached XP level 2. HP: 25/25 MP: 1/1
   286 | D:1      | Reached skill level 3 in Long Blades
   646 | D:1      | Reached XP level 3. HP: 24/30 MP: 2/2
   958 | D:2      | Found a shadowy altar of Dithmenos.
   975 | D:2      | Found a broken altar of Ashenzari.
   987 | D:2      | Became a worshipper of Ashenzari the Shackled
  1035 | D:2      | Reached skill level 1 in Armour
  1270 | D:2      | Reached XP level 4. HP: 36/37 MP: 3/3
  1313 | D:2      | Found a white marble altar of Elyvilon.
  1615 | D:2      | Noticed Jessica
  1618 | D:2      | Killed Jessica
  1667 | D:2      | Noticed Sigmund
  1693 | D:2      | Killed Sigmund
  1694 | D:2      | Reached skill level 4 in Long Blades
  1694 | D:2      | Reached XP level 5. HP: 12/45 MP: 4/4
  1694 | D:2      | Reached XP level 6. HP: 14/51 MP: 5/5
  2172 | D:3      | HP: 2/52 [orc wizard/magic dart (5)]
  2173 | D:3      | Killed from afar by an orc wizard

Illustrated notes

Levels and vault maps discovered:
D:1:      lemuel_arrival_rhombus, layout_basic
D:2:      layout_basic, grunt_dithmenos_smoke_and_mirrors, elyvilon_altar_5,
          evilmike_ruin_ashenzari, uniq_sigmund, uniq_jessica
D:3:      layout_basic, cheibrodos_sewer_entry_bend

Skill      XL: |  1  2  3  4 |
---------------+-------------+-----
Long Blades    | 3 4 |  4.6
Armour         | 1 2 |  2.3
Dodging        | 3 |  3.8
Fighting       | 3 |  3.7
Throwing       | |  1.7

Action                   |  1- 3 |  4- 6 || total
-------------------------+-------+-------++-------
Melee: Long sword        |   105 |   111 ||   216
Throw: Throwing net      |     1 |     2 ||     3
  Use: Potion            |       |     3 ||     3
       Scroll            |       |     7 ||     7
 Stab: Sleeping          |       |     1 ||     1
Armor: Leather armour    |    41 |    34 ||    75
Dodge: Dodged            |    88 |    76 ||   164
Block: Other             |    22 |    33 ||    55
       Reflection        |       |     3 ||     3
       Rpst.: Long sword |    26 |    20 ||    46
